Map: Proxima Station LE

Players

Silky

  • Race: Zerg Zerg
  • Spawn Location: 1:00

Warren - Winner!

  • Race: Zerg Zerg
  • Spawn Location: 7:00

Event: WCS Austin 2017

VOD

Have the link to the VOD?

Description

Time

  • Played on: April 28, 2017, 2:20 p.m.
  • Length: 4:06

All games in this series

Show
View Real Time Build Order
Export as new Build Order

Silky Zerg 

Build Orders: Pool First 

Get SALT Encoding   

  12  0:17  Spawning Pool  
  11  0:22  Drone  
  11  0:27  Drone  
  13  0:32  Drone  
  14  0:40  Overlord  
  14  1:04  Zergling x4  
  14  1:05  Zergling x2  
  17  1:15  Zergling x2  
  18  1:18  Hatchery  
  17  1:26  Zergling x2  
  18  1:35  Queen  
  20  1:40  Zergling x2  
  21  1:49  Overlord  
  21  2:05  Spine Crawler, Drone  
  21  2:11  Drone  
  21  2:16  Queen  
  23  2:29  Zergling x2  
  23  2:33  Zergling x4  
  25  2:41  Zergling x4  
  26  2:47  Zergling x4  
  26  2:48  Zergling x2  
  25  3:03  Zergling x6  
  26  3:10  Drone  
  26  3:18  Zergling x2  
  23  3:20  Zergling x2  
  23  3:24  Queen  
  22  3:30  Zergling x2  
  21  3:35  Zergling x2  
Show
View Real Time Build Order
Export as new Build Order

Warren Zerg - Winner!

Build Orders: Pool First 

Get SALT Encoding   

  12  0:00  Drone  
  13  0:09  Extractor  
  12  0:24  Spawning Pool  
  11  0:29  Drone  
  11  0:33  Drone  
  13  0:39  Drone  
  14  0:51  Overlord  
  14  1:11  Zergling x4  
  16  1:12  Zergling x2  
  16  1:13  Metabolic Boost  
  17  1:23  Zergling x2  
  18  1:30  Baneling Nest  
  17  1:33  Zergling x2  
  18  1:46  Zergling x2  
  19  1:52  Queen  
  21  2:01  Overlord  
  21  2:13  Zergling x2  
  22  2:25  Zergling x2  
  23  2:33  Zergling x2  
  24  2:37  Baneling x2  
  24  2:43  Zergling x2  
  25  2:52  Zergling x2  
  26  3:07  Zergling x8  
  27  3:21  Zergling x2  
  26  3:34  Zergling x2  
  26  3:44  Zergling x2  
  26  3:45  Zergling x4  
  29  3:51  Hatchery  
Tags
 
Add a new tag
Caveats
  • Supply blocks, unpowered buildings, or Contaminate may cause inaccurate times.
  • Supply counts are checked every 10 seconds.